AoeStats
← DK_Odysseo

Black Forest

504869889Analyzed
4v4 RM · 26d ago on Sep 6, 2026· 72m 26s· 8 players
Game mode
Random Map
Map size
Large (8 player)
Population
200
Speed
Normal
Resources
Standard
Victory
Conquest
Starting age
Dark Age
Ending age
Imperial Age
RankedLock teamsTeams togetherTeam positionsShared explorationLock speedFull tech treeHidden civsTurbo modeCheats
Victory
Defeat
🇨🇿 Japanese · Czechia
1578
+16
🇨🇴 Saracens · Colombia
1572
+17
🇭🇰 Franks · Hong Kong SAR China
1572
+17
🇨🇿 Britons · Czechia
1565
+17
🇪🇸 Malay · Spain
1664
-20
🇪🇸 Persians · Spain
1590
-17
🇪🇸 Celts · Spain
1585
-17
🇪🇸 Britons · Spain
1506
-13
Ux'LeonzAoe
11:10 Feudal Age
12:26 Loom
15:09 Castle Age
15:40 Double-Bit Axe
16:31 Bow Saw
18:44 Fishing Lines
19:49 Gillnets
22:59 Fervor
24:54 Gold Mining
24:56 Stone Mining
24:50 Horse Collar
25:31 Heavy Plow
29:20 Imperial Age
27:43 Wheelbarrow
26:54 Town Watch
27:55 Gold Shaft Mining
28:40 Hand Cart
29:55 Scale Barding Armor
30:00 Forging
29:31 Elite Mameluke
30:32 Conscription
30:23 Counterweights
30:59 Chain Barding Armor
31:46 Chemistry
30:59 Siege Engineers
31:19 Bloodlines
31:10 Husbandry
32:31 Plate Barding Armor
32:07 Forging
34:38 Iron Casting
34:58 Devotion
36:20 Blast Furnace
36:51 Fletching
37:23 Ballistics
37:13 Masonry
37:35 Caravan
38:06 Coinage
38:21 Bodkin Arrow
39:30 Fortified Wall
45:34 Hoardings
45:42 Bracer
52:20 Banking
51:38 Onager
54:35 Two-Man Saw
55:05 Siege Onager
71:44 Capped Ram
Čiko
10:35 Feudal Age
11:36 Loom
14:10 Castle Age
12:45 Double-Bit Axe
13:30 Horse Collar
15:20 Bow Saw
20:47 Wheelbarrow
22:12 Fishing Lines
23:52 Gold Mining
24:07 Stone Mining
24:46 Heavy Plow
25:22 Hand Cart
26:12 Gold Shaft Mining
26:46 Gillnets
30:32 Imperial Age
27:49 Loom
28:58 Forging
28:48 Scale Mail Armor
28:39 Pikeman
29:04 Gambesons
29:20 Squires
29:05 Arson
29:57 Coinage
31:07 Iron Casting
30:47 Chain Mail Armor
31:07 Iron Casting
31:37 Ballistics
32:18 Chemistry
31:14 Guard Tower
31:30 Siege Engineers
31:37 Masonry
31:23 Murder Holes
31:38 Fortified Wall
30:53 Halberdier
33:08 Blast Furnace
32:51 Keep
33:39 Banking
33:21 Arrowslits
33:17 Treadmill Crane
33:41 Yasama
34:02 Conscription
34:37 Fletching
35:17 Caravan
35:16 Bodkin Arrow
36:54 Two-Man Saw
36:20 Bracer
37:41 Kataparuto
38:43 Man-at-Arms
40:45 Plate Mail Armor
42:48 Man-at-Arms
46:25 Padded Archer Armor
46:15 Town Watch
49:07 Long Swordsman
50:08 Two-Handed Swordsman
51:41 Champion
大庆Song
0:36 Loom
13:03 Feudal Age
14:20 Man-at-Arms
18:22 Fletching
24:59 Castle Age
24:08 Double-Bit Axe
24:16 Gold Mining
26:20 Wheelbarrow
26:36 Bow Saw
26:42 Scale Barding Armor
27:09 Fishing Lines
27:53 Chain Barding Armor
31:28 Husbandry
32:59 Light Cavalry
34:31 Gold Shaft Mining
35:25 Hand Cart
39:32 Imperial Age
36:49 Town Watch
38:21 Pikeman
39:01 Squires
38:48 Arson
39:14 Forging
39:58 Caravan
39:41 Cavalier
40:43 Chain Barding Armor
40:59 Iron Casting
39:46 Halberdier
41:18 Paladin
43:09 Plate Barding Armor
42:36 Scale Mail Armor
43:48 Blast Furnace
42:51 Scale Mail Armor
48:41 Chain Mail Armor
48:22 Bodkin Arrow
48:27 Padded Archer Armor
48:32 Elite Skirmisher
50:07 Plate Mail Armor
50:51 Chemistry
50:22 Ballistics
52:43 Leather Archer Armor
52:41 Masonry
52:25 Guard Tower
52:21 Arrowslits
52:33 Murder Holes
52:25 Arrowslits
53:19 Coinage
54:58 Banking
65:53 Conscription
Noxx
0:30 Loom
13:48 Feudal Age
17:37 Castle Age
15:58 Fishing Lines
16:17 Double-Bit Axe
18:06 Stone Mining
18:52 Horse Collar
25:19 Wheelbarrow
25:26 Fishing Lines
25:52 Gold Mining
26:30 Bow Saw
32:10 Imperial Age
29:12 Demolition Ship
29:46 Gillnets
30:29 Masonry
30:33 Fortified Wall
30:33 Masonry
30:34 Fletching
31:06 Ballistics
31:30 Yeomen
31:24 Bodkin Arrow
32:45 Hand Cart
34:34 Chemistry
33:36 Bracer
33:07 Elite Longbowman
35:32 Conscription
35:40 Warwolf
35:54 Padded Archer Armor
36:58 Siege Engineers
37:25 Architecture
37:37 Leather Archer Armor
37:24 Scale Mail Armor
37:34 Forging
37:24 Scale Mail Armor
38:35 Coinage
38:15 Guilds
38:51 Ring Archer Armor
40:27 Banking
39:58 Caravan
40:57 Treadmill Crane
41:14 Murder Holes
42:28 Two-Man Saw
44:06 Sappers
45:12 Hoardings
50:00 Onager
DK_Nightclaim
5:22 Loom
10:39 Feudal Age
11:06 Double-Bit Axe
14:49 Fishing Lines
19:43 Castle Age
18:01 Horse Collar
18:19 Gold Mining
19:23 Wheelbarrow
20:28 Heavy Plow
20:47 Bow Saw
20:50 Gillnets
23:55 Caravan
25:43 Hand Cart
26:52 Gold Shaft Mining
26:08 Stone Mining
29:11 Imperial Age
27:37 Scale Barding Armor
27:43 Forging
28:39 Fervor
29:47 Chain Barding Armor
30:03 Iron Casting
29:30 Town Watch
29:55 Caravan
31:14 Plate Barding Armor
31:25 Conscription
32:43 Blast Furnace
32:51 Chemistry
31:53 Elite War Elephant
33:01 Masonry
34:22 Coinage
34:37 Fletching
37:27 Bodkin Arrow
38:11 Hoardings
38:37 Padded Archer Armor
44:15 Leather Archer Armor
50:15 Two-Man Saw
58:01 Bloodlines
57:51 Husbandry
57:42 Cavalier
59:26 Savar
69:04 Light Cavalry
DK_Exmerior
0:43 Loom
12:21 Feudal Age
18:33 Castle Age
17:54 Double-Bit Axe
18:08 Fletching
26:30 Wheelbarrow
26:23 Bow Saw
25:54 Horse Collar
26:39 Gold Mining
27:12 Fishing Lines
28:01 Gillnets
32:02 Imperial Age
29:28 Stone Mining
30:40 Gold Shaft Mining
32:20 Bodkin Arrow
32:25 Padded Archer Armor
32:46 Ballistics
33:08 Bracer
33:29 Hand Cart
34:10 Conscription
35:15 Chemistry
35:01 Leather Archer Armor
34:23 Crossbowman
35:36 Arbalester
36:58 Masonry
43:31 Two-Man Saw
42:59 Caravan
44:39 Siege Engineers
45:08 Architecture
48:20 Heavy Plow
48:16 Town Watch
49:40 Treadmill Crane
51:09 Warwolf
51:30 Yeomen
61:11 Light Cavalry
61:52 Husbandry
69:36 Scale Barding Armor
69:41 Forging
71:34 Chain Barding Armor
71:49 Iron Casting
73:09 Plate Barding Armor
73:09 Iron Casting
Vlad von Carstein
5:24 Loom
11:59 Feudal Age
15:32 Castle Age
13:39 Double-Bit Axe
14:35 Horse Collar
17:01 Bow Saw
18:50 Heavy Plow
19:02 Fishing Lines
22:21 Gold Mining
23:52 Wheelbarrow
24:30 Gold Shaft Mining
24:49 Hand Cart
24:53 Gillnets
30:40 Imperial Age
28:05 Stone Mining
28:38 Scale Mail Armor
28:49 Forging
29:10 Caravan
29:13 Pikeman
30:09 Chain Mail Armor
31:29 Siege Engineers
32:26 Chemistry
30:49 Onager
30:49 Heavy Scorpion
32:47 Plate Mail Armor
32:52 Iron Casting
31:39 Halberdier
32:05 Arson
33:50 Capped Ram
35:27 Siege Ram
36:55 Furor Celtica
39:57 Guilds
39:55 Siege Onager
49:50 Blast Furnace
48:12 Elite Woad Raider
49:13 Conscription
48:45 Stronghold
52:16 Hoardings
DK_Odysseo
0:36 Loom
13:43 Feudal Age
13:27 Double-Bit Axe
22:58 Castle Age
22:01 Gold Mining
22:03 Stone Mining
21:59 Fishing Lines
22:52 Bow Saw
24:05 Wheelbarrow
23:24 Gillnets
23:36 Horse Collar
26:06 Hand Cart
27:18 Gold Shaft Mining
27:19 Stone Shaft Mining
29:31 Imperial Age
27:47 Heavy Plow
28:23 Husbandry
28:29 Scale Barding Armor
28:35 Forging
28:19 Light Cavalry
30:03 Chemistry
29:22 Elite Battle Elephant
31:13 Caravan
35:09 Iron Casting
35:28 Town Watch
38:06 Elite Skirmisher
38:37 Fletching
38:48 Padded Archer Armor
39:48 Blast Furnace
40:40 Bodkin Arrow
41:01 Leather Archer Armor
41:08 Ballistics
42:04 Masonry
42:42 Bracer
43:40 Ring Archer Armor
45:32 Thumb Ring
46:37 Conscription
46:35 Siege Engineers
48:52 Coinage
48:33 Guilds
60:36 Murder Holes
Connection lost

Rejoining the realm…

Still unreachable

The connection could not be restored.

Session expired

The server has moved on; the page needs a fresh start.